 Dungeon Crawl Stone Soup version 0.26-a0-1060-g086102a3f0 (webtiles) character file.

Game seed: 5883000704963322224

76 dolemite99 the Ruffian (level 4, 0/41 HPs)
             Began as a Troll Warper on Dec 13, 2020.
             Slain by an iguana (1 damage)
             ... on level 2 of the Dungeon.
             The game lasted 00:01:36 (2087 turns).

dolemite99 the Ruffian (Troll Warper)               Turns: 2087, Time: 00:01:36

Health: 0/41       AC:  6    Str: 20    XL:     4   Next: 12%
Magic:  4/4        EV: 10    Int:  9    God:
Gold:   176        SH:  0    Dex:  9    Spells: 5/5 levels left

rFire    . . .     SeeInvis .     - Unarmed
rCold    . . .     Faith    .   (no shield)
rNeg     . . .     Spirit   .   a - +0 robe
rPois    .         Reflect  .   (helmet restricted)
rElec    .         Harm     .   (no cloak)
rCorr    .         Rampage  .   (gloves unavailable)
Will     +....                  (boots unavailable)
Stlth    +.........             (no amulet)
HPRegen  0.53/turn              e - ring of willpower
MPRegen  0.09/turn              (no ring)

@: no status effects
A: large, unfitting armour, claws 3, regeneration 1, shaggy fur 1, tough skin 3
a: no special abilities


You were on level 2 of the Dungeon.
You visited 1 branch of the dungeon, and saw 2 of its levels.

You collected 176 gold pieces.

Inventory:

Missiles
 b - 38 bolts
 h - 10 arrows
 i - 20 poisoned darts (quivered)
Armour
 a - a +0 robe (worn)
Jewellery
 e - a ring of willpower (left claw)
 f - a +6 ring of strength {unknown}
Scrolls
 c - 2 scrolls of blinking
 d - 3 scrolls of identify {unknown}
 g - a scroll of teleportation {unknown}
 j - a scroll of enchant weapon {unknown}
Potions
 k - a potion of haste {unknown}


   Skills:
 - Level 1.5 Fighting
 - Level 0.8 Throwing
 - Level 1.9 Dodging
 + Level 4.4 Unarmed Combat
 - Level 1.2 Spellcasting
 - Level 2.1 Translocations


You had 5 spell levels left.
You didn't know any spells.
Your spell library contained the following spells:

 Spells                   Type           Power        Failure   Level
 Blink                    Tloc           N/A          22%         2
 Gell's Gravitas          Tloc           #.........   41%         3
 Lesser Beckoning         Tloc           #.........   41%         3
 Teleport Other           Tloc           #.......     41%         3
 Passage of Golubria      Tloc           N/A          82%         4


Dungeon Overview and Level Annotations

Branches:
Dungeon (2/15)

Altars:
The Shining One


Innate Abilities, Weirdness & Mutations

You are too large for most types of armour.
You have claws for hands.
Your natural rate of healing is unusually fast.
You are covered in fur. (AC +1)
You have extremely tough skin. (AC +3)


Message History

The iguana is severely wounded.
The iguana barely misses you.
You barely miss the iguana.
The iguana is severely wounded.
The iguana bites you!
You barely miss the iguana.
The iguana is severely wounded.
The iguana bites you!
* * * LOW HITPOINT WARNING * * *
You scratch the iguana.
The iguana is almost dead.
The iguana closely misses you.
You completely miss the iguana.
The iguana is almost dead.
The iguana bites you!
* * * LOW HITPOINT WARNING * * *
You barely miss the iguana. Your claw misses the iguana.
The iguana is almost dead.
The iguana bites you.
You die...

##'########.# ##'##
#.#.....#
....#######.#.....# #
#...'.......#.....#.#
#...#########.....#.
+...'..............
#...#.............#
#...#.#.#..###....#
##..#.#.#.......@.#.##.
##.#.#.........l......#
#.#.#.#......#.##.####
#.#.#.#.####.#... #
#.#.#........########### #
.#.#...###............#
###.#.#..†.##...########.#
................#......#.#
....#...........#.####.#.#


You could see an iguana.

Vanquished Creatures
  3 gnolls (D:2)
  A worm (D:2)
  2 dart slugs (D:1)
  A ball python (D:2)
  3 giant cockroaches (D:1)
  4 goblins (D:1)
  4 hobgoblins
  7 jackals
  5 bats
  2 frilled lizards (D:2)
  3 kobolds
  2 rats (D:1)
37 creatures vanquished.

Notes
Turn   | Place    | Note
-------+----------+-------------------------------------------
     0 | D:1      | dolemite99 the Troll Warper began the quest for the Orb.
     0 | D:1      | Reached XP level 1. HP: 19/19 MP: 1/1
   217 | D:1      | Reached XP level 2. HP: 27/27 MP: 2/2
   548 | D:1      | Found a glowing golden altar of the Shining One.
   642 | D:1      | Reached skill level 3 in Unarmed Combat
  1114 | D:2      | Reached XP level 3. HP: 33/33 MP: 3/3
  1195 | D:2      | HP: 1/33 [gnoll/+0 club (7)]
  1197 | D:2      | Reached skill level 4 in Unarmed Combat
  1203 | D:2      | HP: 1/33 [gnoll (7)]
  1794 | D:2      | Reached XP level 4. HP: 41/41 MP: 4/4
  2086 | D:2      | HP: 1/41 [iguana (8)]
  2087 | D:2      | Slain by an iguana

Illustrated notes

Levels and vault maps discovered:
D:1:      dpeg_arrival_round_a, layout_loops_ring, corexii_hall_statues_l,
          tso_metal_star
D:2:      layout_basic

Skill      XL: |  1  2  3 |
---------------+----------+-----
Unarmed Combat | 3 4 |  4.4
Fighting       | |  1.5
Throwing       | |  0.8
Dodging        | |  1.9
Spellcasting   | |  1.2
Translocations | |  2.1

Action                   |  1- 3 |  4- 6 || total
-------------------------+-------+-------++-------
Melee: Unarmed           |    82 |    11 ||    93
       Punch             |     1 |     1 ||     2
Throw: Boomerang         |     5 |       ||     5
       Stone             |     2 |       ||     2
       Dart              |    15 |     9 ||    24
  Use: Potion            |     1 |       ||     1
Armor: Robe              |    44 |     1 ||    45
Dodge: Dodged            |    49 |     5 ||    54

Table legend: (Time is in decaauts)
 A = Elapsed time spent in this place.
 B = Non-inter-level travel time spent in this place.
 C = Inter-level travel time spent in this place.
 D = Time resting spent in this place.
 E = Time spent auto-exploring this place.
 F = Levels seen in this place.
 G = Mean time per level.
                   A        B        C        D        E       F      G
               +--------+--------+--------+--------+--------+-----+--------+
         Total |   2080 |   2034 |     46 |    738 |    954 |   2 | 1040.0 |
       Dungeon |   2080 |   2034 |     46 |    738 |    954 |   2 | 1040.0 |
               +--------+--------+--------+--------+--------+-----+--------+

Top non-repeatable levels by time:
     D:1: 1093 daAuts
     D:2: 987 daAuts
